 Dungeon Crawl Stone Soup version 0.28-b1-1-g3c77fb2ed1 (webtiles) character file.

Game seed: 10396671502135112185

11298 comborobin the Grappler (level 11, -2/107 HPs)
             Began as a Troll Cinder Acolyte on Jan 30, 2022.
             Was a Believer of Ignis.
             Engulfed by an ice statue's freezing vapour (19 damage)
             ... in an ice cave on Jan 31, 2022.
             The game lasted 00:13:37 (6695 turns).

comborobin the Grappler (Troll Cinder Acolyte)      Turns: 6695, Time: 00:13:38

Health: -2/107     AC: 12    Str: 24      XL:     11   Next: 47%
Magic:  11/11      EV:  9    Int:  9 (10) God:    Ignis [**....]
Gold:   553        SH:  0    Dex:  7 (9)  Spells: 6/12 levels left

rFire   + . .      SeeInvis .     - Unarmed
rCold   . . .      Faith    .   (no shield)
rNeg    . . .      Spirit   .   b - +2 swamp dragon scales
rPois   +          Reflect  .   (helmet restricted)
rElec   .          Harm     .   (no cloak)
rCorr   .          Rampage  .   (gloves unavailable)
Will    .....                   (boots unavailable)
Stlth   ..........              (no amulet)
HPRegen 1.07/turn               (no ring)
MPRegen 0.12/turn               (no ring)

@: no status effects
A: large, unfitting armour, claws 3, regeneration 1, shaggy fur 1, tough skin 1
a: Renounce Religion, Fiery Armour, Foxfire Swarm, Rising Flame


You were in an ice cave.
You worshipped Ignis.
Ignis was pleased with you.
You visited 1 branch of the dungeon, and saw 11 of its levels.
You also visited: Sewer and Ice Cave.

You collected 553 gold pieces.

Inventory:

Hand Weapons
 e - a +0 dagger of venom
 h - the +6 long sword of the Yoke {vorpal, Dex+4 SInv}
   (You found it in a sewer)

   It inflicts extra damage upon your enemies.
   Dex:       It affects your dexterity (+4).
   SInv:      It lets you see invisible.
 q - a +4 whip
 r - a +3 short sword of venom
 v - the +10 rapier of Patterns {freeze, Int+4}
   (You took it off a gnoll on level 6 of the Dungeon)

   It freezes those it strikes, dealing additional cold damage.
   It can also slow down cold-blooded creatures.
   Int:       It affects your intelligence (+4).
Missiles
 u - a throwing net
Armour
 a - a +0 robe
 b - +2 swamp dragon scales (worn)
 d - a +1 robe of the Archmagi
 w - a +2 robe of fire resistance
 C - +0 steam dragon scales
 H - the +4 robe of Folly {Brilliance Will-∞ Int+8}
   (You acquired it on level 9 of the Dungeon)

   It increases the power of your magical spells.
   It halves the magic cost of your spells (rounding up).
   It reduces your willpower to zero.
   Int:       It affects your intelligence (+8).
 I - a +0 troll leather armour
Magical Staves
 s - a staff of cold
 J - a staff of earth
Wands
 y - a wand of flame (8)
Scrolls
 o - a scroll of vulnerability
 D - a scroll of immolation
 G - 4 scrolls of teleportation
 L - a scroll of fog
Potions
 f - a potion of invisibility
 i - a potion of ambrosia
 j - 2 potions of might
 l - 2 potions of curing
 m - a potion of magic
 n - 3 potions of berserk rage
 p - a potion of brilliance
 x - a potion of heal wounds
 z - 3 potions of flight
 B - 2 potions of mutation


   Skills:
 - Level 6.5 Fighting
 + Level 0.3 Throwing
 - Level 4.0 Armour
 - Level 5.1 Dodging
 - Level 14.9 Unarmed Combat
 - Level 1.0 Spellcasting
 - Level 2.1 Fire Magic


You had 6 spell levels left.
You knew the following spells:

 Your Spells              Type           Power      Damage    Failure   Level
o - Ozocubu's Armour      Ice            0%         N/A       86%         3
r - Frozen Ramparts       Ice            0%         1d2       86%         3

Your spell library contained the following spells:

 Spells                   Type           Power      Damage    Failure   Level
 Scorch                   Fire           8%         2d5       34%         2
 Freeze                   Ice            0%         1d3       50%         1
 Magic Dart               Conj           0%         1d3       50%         1
 Call Imp                 Summ           0%         N/A       63%         2
 Ensorcelled Hibernation  Hex/Ice        0%         N/A       63%         2
 Conjure Flame            Conj/Fire      2%         6-21      71%         3
 Ignite Poison            Fire/Tmut/Pois 1%         N/A       77%         3
 Mephitic Cloud           Conj/Pois/Air  0%         N/A       86%         3
 Spider Form              Tmut/Pois      0%         N/A       86%         3
 Sticky Flame             Conj/Fire      2%         2d3       98%         4
 Anguish                  Hex/Necr       0%         N/A       99%         4
 Hailstorm                Conj/Ice       0%         3d3       99%         4
 Malign Gateway           Summ/Tloc      0%         N/A       100%        7
 Ozocubu's Refrigeration  Ice            0%         4d5       100%        7
 Summon Horrible Things   Summ           0%         N/A       100%        8


Dungeon Overview and Level Annotations

Branches:
Dungeon (11/15)            Temple (0/1) D:4           Sewer (visited)
  IceCv (1/1)
   Lair: D:8-11         Orc: D:9-12

Altars:
Dithmenos
Elyvilon
Fedhas
Hepliaklqana
Okawaru
Wu Jian
Xom
Yredelemnul
Zin

Shops:
D:5 [

Annotations:
D:5 1 runed translucent door IceCv exclusion: 2 ice statues


Innate Abilities, Weirdness & Mutations

You are too large for most types of armour.
You have claws for hands.
Your natural rate of healing is unusually fast.
You are covered in fur. (AC +1)
You have tough skin. (AC +1)


Message History

The ice beast is heavily wounded.
The ice beast hits you but does no damage.
The ice beast hits you. The ice beast freezes you!
You mangle the ice beast!!
You kill the ice beast!
The ice beast disappears in a puff of smoke!
The ice beast hits you but does no damage.
You scratch the ice beast. Your claw misses the ice beast.
The ice beast is severely wounded.
You scratch the ice beast but do no damage.
The ice beast is severely wounded.
The ice beast hits you but does no damage.
You mangle the ice beast!!
You kill the ice beast!
The ice beast disappears in a puff of smoke!
You see here a +1 spear of freezing.
Really walk into a travel-excluded area?
The ice statue gestures at you.
Okay, then.
Unknown command.
Aiming: Throw Flame
Press: ? - help, Shift-Dir - straight line, f/p - ice statue
Aim: an ice statue (almost destroyed, 100% to hit)
You hear a sizzling sound! x2
You are engulfed in freezing vapours.
Unknown command.
Aiming: Throw Flame
Press: ? - help, Shift-Dir - straight line, f/p - ice statue
Aim: an ice statue (almost destroyed, 100% to hit)
You hear a sizzling sound!
You are engulfed in freezing vapours.
* * * LOW HITPOINT WARNING * * *
The ice statue gestures.
Aiming: Throw Flame
Press: ? - help, Shift-Dir - straight line, f/p - ice statue
Aim: an ice statue (almost destroyed, 100% to hit)
The puff of flame hits the ice statue but does no damage.
The ice statue is almost destroyed.
You are engulfed in freezing vapours.
You die...

##.....##
#8.....8#
#.......#
#.......#
#.....○.#
#....°..#
####(####
#[....$?#
#.@.○°.[#
#).....(#
#.......#
#.......#
##.....##
##...##
##.##
##...##
##.....##


You could see an ice statue.

Vanquished Creatures
  A death knight (D:11)
  4 two-headed ogres
  Pikel (D:6)
  A cyclops (D:11)
  An ugly thing (IceCv)
  An unseen horror (D:10)
  2 rime drakes (D:11)
  A kobold demonologist (D:10)
  An entropy weaver simulacrum (IceCv)
  2 trolls
  Grinder (D:4)
  Sigmund (D:6)
  10 yaks
  2 steam dragons
  A harpy simulacrum (IceCv)
  A water moccasin (D:7)
  4 orc warriors
  2 ice beasts
  A black bear (D:6)
  A necrophage (D:6)
  2 centaurs
  A phantom (D:4)
  4 kobold brigands
  2 bullfrogs
  Blork the orc (D:5)
  2 scorpions
  A water moccasin zombie (D:6)
  2 cane toad simulacra (IceCv)
  6 killer bees (D:7)
  8 wights
  3 howler monkeys
  A centaur zombie (D:5)
  A bullfrog zombie (D:5)
  2 hounds
  A jelly (D:7)
  2 orc priests (D:5)
  A centaur skeleton (D:7)
  2 gnoll shamans
  An iguana (D:5)
  6 orc wizards
  2 polar bear simulacra (IceCv)
  A wolf simulacrum (IceCv)
  A howler monkey zombie (D:7)
  7 gnolls
  5 adders
  4 shadow imps
  2 ufetubi
  An adder skeleton (D:4)
  20 orcs
  5 ball pythons
  3 endoplasms
  2 giant cockroaches (D:3)
  3 hobgoblins
  3 jackals (D:4)
  3 quokkas
  6 bats
  2 frilled lizards
  21 kobolds
  A rat (D:2)
180 creatures vanquished.

Vanquished Creatures (others)
  A kobold (D:6)
  31 foxfires
32 creatures vanquished.

Grand Total: 212 creatures vanquished

Notes
Turn   | Place    | Note
-------+----------+-------------------------------------------
     0 | D:1      | comborobin the Troll Cinder Acolyte began the quest for the
                  | Orb.
     0 | D:1      | Reached XP level 1. HP: 22/22 MP: 1/1
   124 | D:3      | Reached XP level 2. HP: 25/29 MP: 2/2
   212 | D:3      | Found a glowing drain.
   223 | D:3      | Reached skill level 4 in Unarmed Combat
   233 | Sewer    | Entered a sewer
   260 | Sewer    | Reached XP level 3. HP: 27/36 MP: 3/3
   342 | Sewer    | Noticed a kobold brigand
   359 | Sewer    | Killed a kobold brigand
   360 | Sewer    | Reached skill level 5 in Unarmed Combat
   360 | Sewer    | Reached XP level 4. HP: 5/44 MP: 4/4
   372 | Sewer    | Identified the +6 long sword of the Yoke {vorpal, Dex+4
                  | SInv}
   694 | D:4      | Noticed a phantom
   712 | D:4      | Killed a phantom
   713 | D:4      | Reached skill level 6 in Unarmed Combat
   713 | D:4      | Reached XP level 5. HP: 48/50 MP: 5/5
   741 | D:4      | Found a staircase to the Ecumenical Temple.
   761 | D:4      | Learned a level 3 spell: Ozocubu's Armour
   870 | D:4      | Noticed Grinder
   897 | D:4      | Killed Grinder
   898 | D:4      | Reached skill level 7 in Unarmed Combat
   898 | D:4      | Reached XP level 6. HP: 54/59 MP: 6/6
  1012 | D:4      | Found a shimmering altar of Xom.
  1018 | D:4      | Found a shadowy altar of Dithmenos.
  1021 | D:4      | Found a blossoming altar of Fedhas.
  1021 | D:4      | Found a glowing silver altar of Zin.
  1028 | D:4      | Found a hazy altar of Hepliaklqana.
  1469 | D:5      | Entered Level 5 of the Dungeon
  1524 | D:5      | Found a runed translucent door.
  1530 | D:5      | Noticed Blork the orc
  1538 | D:5      | Killed Blork the orc
  1539 | D:5      | Reached skill level 8 in Unarmed Combat
  1539 | D:5      | Reached XP level 7. HP: 64/66 MP: 7/7
  1653 | D:5      | Reached skill level 1 in Armour
  1659 | D:5      | Reached skill level 1 in Dodging
  2047 | D:5      | Found Kafamut's Armour Shoppe.
  2355 | D:5      | Found an iron altar of Okawaru.
  2639 | D:6      | Noticed a steam dragon
  2649 | D:6      | Killed a steam dragon
  2650 | D:6      | Reached XP level 8. HP: 59/75 MP: 8/8
  2650 | D:6      | Noticed Sigmund
  2663 | D:6      | Killed Sigmund
  2664 | D:6      | Reached skill level 9 in Unarmed Combat
  2700 | D:6      | Identified the +10 rapier of Patterns {freeze, Int+4}
  3016 | D:6      | Noticed Pikel
  3030 | D:6      | Killed Pikel
  3031 | D:6      | Reached skill level 10 in Unarmed Combat
  3031 | D:6      | Reached XP level 9. HP: 50/85 MP: 9/9
  3514 | D:7      | Reached skill level 5 in Fighting
  3599 | D:7      | Reached skill level 11 in Unarmed Combat
  3991 | D:7      | Reached skill level 12 in Unarmed Combat
  4369 | D:9      | Noticed a two-headed ogre
  4398 | D:8      | Killed a two-headed ogre
  4399 | D:8      | Reached XP level 10. HP: 74/96 MP: 10/10
  4567 | D:9      | Reached skill level 13 in Unarmed Combat
  4760 | D:9      | Learned a level 3 spell: Frozen Ramparts
  4910 | D:9      | Identified a scroll of acquirement
  4910 | D:9      | Acquired the +4 robe of Folly {Brilliance Will-∞ Int+8}
  4910 | D:9      | Found the +4 robe of Folly {Brilliance Will-∞ Int+8}
  5146 | D:9      | Noticed a two-headed ogre
  5168 | D:9      | Killed a two-headed ogre
  5218 | D:9      | Found a white marble altar of Elyvilon.
  5246 | D:10     | Entered Level 10 of the Dungeon
  5696 | D:9      | Reached skill level 14 in Unarmed Combat
  5838 | D:10     | Found an ornate altar of the Wu Jian Council.
  5948 | D:10     | Found a basalt altar of Yredelemnul.
  6031 | D:10     | Reached XP level 11. HP: 37/104 MP: 11/11
  6203 | D:11     | Noticed a death knight
  6213 | D:11     | Killed a death knight
  6294 | D:11     | Noticed a two-headed ogre
  6295 | D:11     | Noticed a two-headed ogre
  6298 | D:11     | Killed a two-headed ogre
  6305 | D:11     | Killed a two-headed ogre
  6459 | D:11     | Found a frozen archway.
  6514 | IceCv    | Entered an ice cave
  6524 | IceCv    | Reached skill level 5 in Dodging
  6611 | IceCv    | Noticed a white ugly thing
  6622 | IceCv    | Killed a white ugly thing
  6695 | IceCv    | Engulfed by an ice statue's freezing vapour

Illustrated notes

Levels and vault maps discovered:
D:1:      mrwooster_arrival_statue_3, layout_rooms, chequers_mini_garden,
          st_stairs_14, chequers_serial_rivers_small_b
D:2:      minmay_roachtagon, layout_rooms, shapermc_ecumenical_altar_gd,
          basic_altar
D:3:      layout_rooms, portal_sewer_entry_d
D:4:      layout_basic, nicolae_overflow_hallway_of_the_gods,
          minmay_temple_entry_offerings, uniq_grinder
D:5:      layout_loops_corners, overflow_temple_1_default, serial_shops, shop,
          lightli_church_of_beogh, uniq_blork_the_orc
D:6:      layout_rooms, kennysheep_windowed_goal, uniq_sigmund, uniq_pikel
D:7:      layout_basic, chequers_hall_statues_corner_a
D:8:      layout_loops_ring, grunt_ministairs_10, minmay_misc_feat_encased
D:9:      layout_long_grid, marbit_many_paths, hangedman_decor_opposing
D:10:     layout_roguey, mainiacjoe_overflow_catwalk,
          mainiacjoe_overflow_alcove_4, hangedman_decor_slide_cut
D:11:     layout_roguey, lair_entry_dummy, portal_ice_cave_rime
IceCv:    ice_cave_statue_garden_chambered

Skill      XL: |  1  2  3  4  5  6  7  8  9 10 11 |
---------------+----------------------------------+-----
Unarmed Combat | 4 5 6 7 8 10 12 14 | 14.9
Armour         | 2 3 4 |  4.0
Dodging        | 1 3 4 5 |  5.1
Fighting       | 3 4 5 6 |  6.5
Throwing       | |  0.3
Spellcasting   | |  1.0
Fire Magic     | |  2.1

Action                   |  1- 3 |  4- 6 |  7- 9 | 10-12 || total
-------------------------+-------+-------+-------+-------++-------
Melee: Unarmed           |    68 |    96 |   267 |   172 ||   603
       Punch             |     1 |     2 |     9 |    13 ||    25
Throw: Dart              |       |       |     3 |     9 ||    12
       Large rock        |       |       |       |     4 ||     4
Invok: Fiery Armour      |     1 |       |     2 |     2 ||     5
       Foxfire Swarm     |     1 |       |       |     1 ||     2
Evoke: Wand              |       |       |       |    15 ||    15
  Use: Potion            |     1 |     3 |       |     5 ||     9
       Scroll            |       |     5 |     1 |    13 ||    19
 Stab: Invisible         |       |       |       |     2 ||     2
Armor: Robe              |     9 |       |       |       ||     9
       Swamp dragon scal |    33 |    45 |   149 |    66 ||   293
Dodge: Dodged            |    49 |    35 |   105 |    58 ||   247
